PAA
ATHLETIC CLUB KC ACADEMY @ HELENA GRIZZLIES
09/16/2023
 
TOP OF THE 1ST
Athletic Club KC Academy batting - Pitching for Helena Grizzlies : RHP Doruk Oyan
Pitching: RHP Doruk Oyan
Batting: SHB António Montés 0-0: Ball
1-0: Foul Ball, location: 2F
1-1: Ball
2-1: DOUBLE (Line Drive, 8RS)
Batting: LHB Manuel Domínguez 0-0: Foul Ball, location: 2F
0-1: Swinging Strike
0-2: Ball
1-2: Ball
2-2: Strikes out swinging
Batting: SHB Fernando Luna 0-0: Foul Ball, location: 2F
0-1: Called Strike
0-2: Ground out 5-3 (Groundball, 15S)
António Montés to third
Batting: LHB Naohiro Sakai 0-0: Called Strike
0-1: Ball
1-1: SINGLE (Groundball, 34D) (infield hit)
António Montés scores
Batting: RHB Allen Williams 0-0: Ground out 6-3 (Groundball, 6)
Top of the 1st over - 1 run(s), 2 hit(s), 0 error(s), 1 left on base; Athletic Club KC Academy 1 - Helena 0
BOTTOM OF THE 1ST
Helena Grizzlies batting - Pitching for Athletic Club KC Academy : LHP Tim Ritchie
Pitching: LHP Tim Ritchie
Batting: RHB Chris Woodruff 0-0: Called Strike
0-1: Ball
1-1: Ball
2-1: Ball
3-1: Called Strike
3-2: Ground out 4-3 (Groundball, 34)
Batting: RHB Dusty Childress 0-0: Called Strike
0-1: Swinging Strike
0-2: Ball
1-2: Ball
2-2: Ball
3-2: Strikes out looking
Batting: RHB Álex Estrada 0-0: Swinging Strike
0-1: Ball
1-1: Ground out 6-3 (Groundball, 6MS)
Bottom of the 1st over - 0 run(s), 0 hit(s), 0 error(s), 0 left on base; Athletic Club KC Academy 1 - Helena 0
TOP OF THE 2ND
Athletic Club KC Academy batting - Pitching for Helena Grizzlies : RHP Doruk Oyan
Batting: RHB Chris Teague 0-0: Called Strike
0-1: Ball
1-1: Ball
2-1: Called Strike
2-2: Strikes out swinging
Batting: RHB Manuel Canó 0-0: Ball
1-0: Called Strike
1-1: Foul Ball, location: 2F
1-2: SINGLE (Line Drive, 78M)
Batting: RHB Larry Johnston 0-0: Called Strike
0-1: Swinging Strike
0-2: Ball
1-2: Fly out, F2 (Popup, 2RF)
Batting: RHB Bob Curry 0-0: Called Strike
0-1: Ball
1-1: Ball
2-1: Ball
3-1: Foul Ball, location: 2F
3-2: Ground out 5-3 (Groundball, 5S)
Top of the 2nd over - 0 run(s), 1 hit(s), 0 error(s), 1 left on base; Athletic Club KC Academy 1 - Helena 0
BOTTOM OF THE 2ND
Helena Grizzlies batting - Pitching for Athletic Club KC Academy : LHP Tim Ritchie
Batting: RHB Octávio Zúñiga 0-0: Called Strike
0-1: Ball
1-1: Ball
2-1: Ball
3-1: DOUBLE (Flyball, 7LD)
Batting: LHB José Ríos 0-0: Ball
1-0: Foul Ball, location: 2F
1-1: Foul Ball, location: 2F
1-2: Strikes out swinging
Batting: LHB Wilson Horton 0-0: Called Strike
0-1: Ball
1-1: Foul Ball, location: 2F
1-2: Foul Ball, location: 2F
1-2: Foul Ball, location: 2F
1-2: Foul Ball, location: 2F
1-2: SINGLE (Line Drive, 56D)
Octávio Zúñiga to third
Batting: RHB Jorge Gutiérrez 0-0: Ball
1-0: Ball
2-0: Called Strike
2-1: Ball
3-1: Base on Balls
Wilson Horton to second
Batting: RHB Gaston Waller 0-0: Foul Ball, location: 2F
0-1: Fly out, F9 (Flyball, 89S)
Batting: RHB D.C. Aiken 0-0: Called Strike
0-1: Fielders Choice at 2nd, U6 (Groundball, 6M)
Bottom of the 2nd over - 0 run(s), 2 hit(s), 0 error(s), 3 left on base; Athletic Club KC Academy 1 - Helena 0
TOP OF THE 3RD
Athletic Club KC Academy batting - Pitching for Helena Grizzlies : RHP Doruk Oyan
Batting: SHB António Montés 0-0: Ball
1-0: Ball
2-0: Ball
3-0: Base on Balls
Batting: LHB Manuel Domínguez 0-0: Ball
1-0: Foul Ball, location: 2F
1-1: 2-RUN HOME RUN (Flyball, 8RXD), Distance : 428 ft
Batting: SHB Fernando Luna 0-0: Ball
1-0: Ball
2-0: Foul Ball, location: 2F
2-1: Called Strike
2-2: Foul Ball, location: 2F
2-2: Ball
3-2: Foul Ball, location: 2F
3-2: Base on Balls
Batting: LHB Naohiro Sakai 0-0: Called Strike
0-1: Ball
1-1: Ball
2-1: Fly out, F2 (Popup, 2LF)
Batting: RHB Allen Williams 0-0: Called Strike
0-1: Grounds into double play, 5-4-3 (Groundball, 5)
Top of the 3rd over - 2 run(s), 1 hit(s), 0 error(s), 0 left on base; Athletic Club KC Academy 3 - Helena 0
BOTTOM OF THE 3RD
Helena Grizzlies batting - Pitching for Athletic Club KC Academy : LHP Tim Ritchie
Batting: RHB Chris Woodruff 0-0: Ball
1-0: Ball
2-0: Ground out 6-3 (Groundball, 6M)
Batting: RHB Dusty Childress 0-0: Ball
1-0: Ball
2-0: Called Strike
2-1: Called Strike
2-2: Ball
3-2: Foul Ball, location: 2F
3-2: Fly out, F7 (Line Drive, 78M)
Batting: RHB Álex Estrada 0-0: Ball
1-0: Ball
2-0: Called Strike
2-1: Ball
3-1: Swinging Strike
3-2: Foul Ball, location: 2F
3-2: Base on Balls
Batting: RHB Octávio Zúñiga 0-0: DOUBLE (Line Drive, 7LD)
Álex Estrada to third
Runner from 3rd tries for Home, throw and OUT!
Bottom of the 3rd over - 0 run(s), 1 hit(s), 0 error(s), 1 left on base; Athletic Club KC Academy 3 - Helena 0
TOP OF THE 4TH
Athletic Club KC Academy batting - Pitching for Helena Grizzlies : RHP Doruk Oyan
Batting: RHB Chris Teague 0-0: Called Strike
0-1: Ground out 6-3 (Groundball, 6)
Batting: RHB Manuel Canó 0-0: SINGLE (Groundball, 6D)
Batting: RHB Larry Johnston 0-0: Ball
1-0: Ball
2-0: Ball
3-0: Called Strike
3-1: Base on Balls
Manuel Canó to second
Batting: RHB Bob Curry 0-0: Called Strike
0-1: Called Strike
0-2: Foul Ball, location: 2F
0-2: Foul Ball, location: 2F
0-2: Foul Ball, location: 2F
0-2: Strikes out swinging
Batting: SHB António Montés 0-0: Swinging Strike
0-1: Ball
1-1: Called Strike
1-2: Ball
2-2: Strikes out swinging
Top of the 4th over - 0 run(s), 1 hit(s), 0 error(s), 2 left on base; Athletic Club KC Academy 3 - Helena 0
BOTTOM OF THE 4TH
Helena Grizzlies batting - Pitching for Athletic Club KC Academy : LHP Tim Ritchie
Batting: LHB José Ríos 0-0: Foul Ball, location: 2F
0-1: Fly out, F7 (Flyball, 78M)
Batting: LHB Wilson Horton 0-0: Called Strike
0-1: Swinging Strike
0-2: Ball
1-2: Foul Ball, location: 2F
1-2: Ball
2-2: Strikes out looking
Batting: RHB Jorge Gutiérrez 0-0: SINGLE (Groundball, 6MD)
Batting: RHB Gaston Waller 0-0: Foul Ball, location: 2F
0-1: Swinging Strike
0-2: Ball
1-2: Strikes out looking
Bottom of the 4th over - 0 run(s), 1 hit(s), 0 error(s), 1 left on base; Athletic Club KC Academy 3 - Helena 0
TOP OF THE 5TH
Athletic Club KC Academy batting - Pitching for Helena Grizzlies : RHP Doruk Oyan
Batting: LHB Manuel Domínguez 0-0: Ball
1-0: Called Strike
1-1: Swinging Strike
1-2: Ball
2-2: Foul Ball, location: 2F
2-2: Strikes out looking
Batting: SHB Fernando Luna 0-0: Foul Ball, location: 2F
0-1: SINGLE (Line Drive, 34)
Batting: LHB Naohiro Sakai 0-0: Ball
1-0: Ball
2-0: Ball
3-0: Base on Balls
Fernando Luna to second
Batting: RHB Allen Williams 0-0: Foul Ball, location: 2F
0-1: Swinging Strike
0-2: Foul Ball, location: 2F
0-2: Ball
1-2: Ball
2-2: Strikes out swinging
Batting: RHB Chris Teague 0-0: Ball
1-0: Called Strike
1-1: Foul Ball, location: 2F
1-2: Ball
2-2: Ball
3-2: Foul Ball, location: 2F
3-2: Foul Ball, location: 2F
3-2: Ground out 6-3 (Groundball, 6)
Top of the 5th over - 0 run(s), 1 hit(s), 0 error(s), 2 left on base; Athletic Club KC Academy 3 - Helena 0
BOTTOM OF THE 5TH
Helena Grizzlies batting - Pitching for Athletic Club KC Academy : LHP Tim Ritchie
Batting: RHB D.C. Aiken 0-0: Ball
1-0: Foul Ball, location: 2F
1-1: Ball
2-1: Fly out, F7 (Flyball, 78M)
Batting: RHB Chris Woodruff 0-0: Ball
1-0: Ball
2-0: Ball
3-0: Called Strike
3-1: Called Strike
3-2: SINGLE (Groundball, 56) (infield hit)
Batting: RHB Dusty Childress 0-0: Ball
1-0: Ball
2-0: Called Strike
2-1: Ball
3-1: Base on Balls
Chris Woodruff to second
Pitching: LHP Tim Risinger
Batting: RHB Álex Estrada 0-0: Ball
1-0: Ball
2-0: Ball
3-0: Called Strike
3-1: Grounds into double play, 6-4-3 (Groundball, 6)
Bottom of the 5th over - 0 run(s), 1 hit(s), 0 error(s), 1 left on base; Athletic Club KC Academy 3 - Helena 0
TOP OF THE 6TH
Athletic Club KC Academy batting - Pitching for Helena Grizzlies : RHP Doruk Oyan
Pitching: RHP Scott Lyons
Batting: RHB Manuel Canó 0-0: Called Strike
0-1: Ball
1-1: Ground out 5-3 (Groundball, 56S)
Batting: RHB Larry Johnston 0-0: Ball
1-0: Ball
2-0: Called Strike
2-1: Ground out U3 (Groundball, 3L)
Batting: RHB Bob Curry 0-0: Ball
1-0: Foul Ball, location: 2F
1-1: Fly out, F8 (Flyball, 8RM)
Top of the 6th over - 0 run(s), 0 hit(s), 0 error(s), 0 left on base; Athletic Club KC Academy 3 - Helena 0
BOTTOM OF THE 6TH
Helena Grizzlies batting - Pitching for Athletic Club KC Academy : LHP Tim Risinger
Batting: RHB Octávio Zúñiga 0-0: Foul Ball, location: 2F
0-1: Fly out, F9 (Flyball, 9S)
Batting: LHB José Ríos 0-0: Called Strike
0-1: Ball
1-1: Foul Ball, location: 2F
1-2: Strikes out swinging
Batting: LHB Wilson Horton 0-0: Ball
1-0: Ball
2-0: Fly out, F8 (Flyball, 89D)
Bottom of the 6th over - 0 run(s), 0 hit(s), 0 error(s), 0 left on base; Athletic Club KC Academy 3 - Helena 0
TOP OF THE 7TH
Athletic Club KC Academy batting - Pitching for Helena Grizzlies : RHP Scott Lyons
Batting: SHB António Montés 0-0: Hit by Pitch
Batting: LHB Manuel Domínguez 0-0: SINGLE (Groundball, 56D)
António Montés to second
Batting: SHB Fernando Luna 0-0: Ball
1-0: Swinging Strike
1-1: Called Strike
1-2: Ball
Wild Pitch!
António Montés to third
Manuel Domínguez to second
2-2: Foul Ball, location: 2F
2-2: Foul Ball, location: 2F
2-2: Ball
3-2: SINGLE (Line Drive, 34D)
António Montés scores
Manuel Domínguez to third
Batting: LHB Naohiro Sakai 0-0: Called Strike
0-1: Ball
1-1: Called Strike
1-2: Fly out, F7 (Flyball, 78D)
Runner from 3rd tags up, SCORES, no throw
Pitching: LHP Ignacio Pérez
Batting: RHB Allen Williams 0-0: Swinging Strike
0-1: Ball
1-1: Foul Ball, location: 2F
1-2: Ball
2-2: Ball
3-2: Strikes out looking
Batting: RHB Chris Teague 0-0: Called Strike
0-1: Ball
1-1: SINGLE (Groundball, 56D)
Fernando Luna to second
Batting: RHB Manuel Canó 0-0: Fly out, F9 (Flyball, 9D)
Top of the 7th over - 2 run(s), 3 hit(s), 0 error(s), 2 left on base; Athletic Club KC Academy 5 - Helena 0
BOTTOM OF THE 7TH
Helena Grizzlies batting - Pitching for Athletic Club KC Academy : LHP Tim Risinger
Batting: RHB Jorge Gutiérrez 0-0: Ball
1-0: Foul Ball, location: 2F
1-1: Ball
2-1: Ball
3-1: SINGLE (Flyball, 9LS)
Batting: RHB Gaston Waller 0-0: Foul Ball, location: 2F
0-1: Fielders Choice at 2nd, 6-4 (Groundball, 56)
Batting: RHB D.C. Aiken 0-0: Ball
1-0: Called Strike
1-1: Ball
2-1: Ball
3-1: Base on Balls
Gaston Waller to second
Batting: RHB Chris Woodruff 0-0: Fly out, F9 (Flyball, 9M)
Batting: RHB Dusty Childress 0-0: Called Strike
0-1: Ball
1-1: Called Strike
1-2: Ball
2-2: Foul Ball, location: 2F
2-2: Foul Ball, location: 2F
2-2: Ball
3-2: Base on Balls
Gaston Waller to third
D.C. Aiken to second
Batting: RHB Álex Estrada 0-0: Ball
1-0: SINGLE (Groundball, 34D)
Gaston Waller scores
D.C. Aiken to third
Dusty Childress to second
Runner from 3rd tries for Home, SAFE, no throw or cutoff
Batting: RHB Octávio Zúñiga 0-0: Ball
1-0: Ball
2-0: Ball
3-0: Called Strike
3-1: SINGLE (Flyball, 8RS)
Dusty Childress to third
Álex Estrada to second
Runner from 3rd tries for Home, SAFE, no throw or cutoff
Pitching: RHP Carlos Acosta
Pinch Hitting: LHB César Muñóz 0-0: Ground out U3 (Groundball, 3L)
Bottom of the 7th over - 3 run(s), 3 hit(s), 0 error(s), 2 left on base; Athletic Club KC Academy 5 - Helena 3
TOP OF THE 8TH
Athletic Club KC Academy batting - Pitching for Helena Grizzlies : LHP Ignacio Pérez
Now in RF: César Muñóz
Batting: RHB Larry Johnston 0-0: Ball
1-0: Foul Ball, location: 2F
1-1: Fly out, F8 (Flyball, 8LM)
Batting: RHB Bob Curry 0-0: Ball
1-0: Ball
2-0: Fly out, F8 (Flyball, 8LM)
Batting: SHB António Montés 0-0: SINGLE (Line Drive, 7S)
Batting: LHB Manuel Domínguez 0-0: Ball
1-0: Ball
2-0: Called Strike
Pickoff Throw to First - Error! E1
António Montés to second
2-1: Called Strike
2-2: Ball
3-2: Foul Ball, location: 2F
3-2: Strikes out swinging
Top of the 8th over - 0 run(s), 1 hit(s), 1 error(s), 1 left on base; Athletic Club KC Academy 5 - Helena 3
BOTTOM OF THE 8TH
Helena Grizzlies batting - Pitching for Athletic Club KC Academy : RHP Carlos Acosta
Now in LF: Eric Moore
Batting: LHB Wilson Horton 0-0: Called Strike
0-1: Ball
1-1: Ball
2-1: Foul Ball, location: 2F
2-2: Foul Ball, location: 2F
2-2: Ball
3-2: Foul Ball, location: 2F
3-2: Strikes out looking
Batting: RHB Jorge Gutiérrez 0-0: Ball
1-0: Ball
2-0: Foul Ball, location: 2F
2-1: Foul Ball, location: 2F
2-2: Ball
3-2: Foul Ball, location: 2F
3-2: Strikes out swinging
Batting: RHB Gaston Waller 0-0: Called Strike
0-1: Ball
1-1: Foul Ball, location: 2F
1-2: Ball
2-2: SINGLE (Flyball, 6MD)
Pitching: RHP Juan Herrera
Pinch Runner at 1st Tomás Morán:
Batting: RHB D.C. Aiken 0-0: Called Strike
0-1: Called Strike
0-2: SINGLE (Groundball, 56D)
Tomás Morán to second
Pinch Hitting: LHB Miguel Zúñiga 0-0: Called Strike
0-1: Foul Ball, location: 2F
0-2: Ground out 3-1 (Groundball, 34)
Bottom of the 8th over - 0 run(s), 2 hit(s), 0 error(s), 2 left on base; Athletic Club KC Academy 5 - Helena 3
TOP OF THE 9TH
Athletic Club KC Academy batting - Pitching for Helena Grizzlies : LHP Ignacio Pérez
Pitching: LHP Jim Unknown
Now at SS: Eugene Henson
Now in RF: Tomás Morán
Batting: SHB Fernando Luna 0-0: Called Strike
0-1: Ball
1-1: SINGLE (Groundball, 6M)
Pitching: RHP Jim Atkinson
Batting: LHB Naohiro Sakai 0-0: Ball
1-0: Swinging Strike
1-1: Swinging Strike
1-2: Foul Ball, location: 2F
1-2: Strikes out looking
Batting: RHB Allen Williams 0-0: Called Strike
0-1: Ball
1-1: Fly out, F9 (Flyball, 9S)
Batting: RHB Chris Teague 0-0: Swinging Strike
0-1: Ball
1-1: Ball
2-1: Foul Ball, location: 2F
2-2: Ball
3-2: Base on Balls
Fernando Luna to second
Pinch Hitting: RHB Maurice Quinn 0-0: Ball
1-0: Called Strike
1-1: Called Strike
1-2: Ball
2-2: Ball
3-2: Ground out 6-3 (Groundball, 6)
Top of the 9th over - 0 run(s), 1 hit(s), 0 error(s), 2 left on base; Athletic Club KC Academy 5 - Helena 3
BOTTOM OF THE 9TH
Helena Grizzlies batting - Pitching for Athletic Club KC Academy : RHP Juan Herrera
Pitching: RHP Alfonso Corona
Now at 1B: Maurice Quinn
Batting: RHB Dusty Childress 0-0: Called Strike
0-1: Swinging Strike
0-2: Fly out, F6 (Popup, 6MD)
Batting: RHB Álex Estrada 0-0: Ball
1-0: Foul Ball, location: 2F
1-1: Called Strike
1-2: Ball
2-2: Fly out, F6 (Popup, 6M)
Batting: RHB Octávio Zúñiga 0-0: SINGLE (Line Drive, 56D)
Batting: LHB César Muñóz 0-0: Ball
1-0: Swinging Strike
1-1: Called Strike
1-2: Ball
2-2: Ball
3-2: Base on Balls
Octávio Zúñiga to second
Pinch Runner at 2nd Dave Stockman:
Batting: LHB Wilson Horton 0-0: Ball
1-0: Foul Ball, location: 2F
1-1: Ball
2-1: SINGLE (Line Drive, 89S)
Dave Stockman to third
César Muñóz to second
Runner from 3rd tries for Home, throw and OUT!
Bottom of the 9th over - 0 run(s), 2 hit(s), 0 error(s), 2 left on base; Athletic Club KC Academy 5 - Helena 3
This league is powered by Out of the Park Baseball, the baseball management simulation game for PC, Mac and Linux
Friday, July 8th, 2016 - OOTP Baseball 16.9 Build 39